 Dungeon Crawl Stone Soup version 0.28-a0-1159-g27aa881441 (webtiles) character file.

Game seed: 8487625009523861821

119573 ducksouse the Peltast (level 16, -6/149 HPs)
             Began as a Minotaur Fighter on Dec 16, 2021.
             Was an Initiate of Gozag.
             Mangled by a +0 trident of distortion (16 damage)
             ... on level 1 of the Elven Halls.
             The game lasted 01:46:12 (26361 turns).

ducksouse the Peltast (Minotaur Fighter)           Turns: 26361, Time: 01:46:23

Health: -6/149     AC: 29    Str: 31    XL:     16   Next: 28%
Magic:  15/15      EV: 10    Int:  5    God:    Gozag
Gold:   2317       SH: 24    Dex: 13    Spells: 15/15 levels left

rFire   + + +      SeeInvis .   E - +5 long sword of Datiwn {pain, rN+}
rCold   x . .      Faith    .   h - +5 kite shield
rNeg    + . .      Spirit   .   B - +4 plate armour of Day {+Inv rF+ rCorr Dex-4}
rPois   .          Reflect  +   a - +0 hat "Otogaci" {rF+ Str+3}
rElec   .          Harm     .   M - +2 cloak
rCorr   +          Rampage  .   u - +0 pair of gloves
Will    +++..                   m - +0 pair of boots
Stlth   ..........              j - amulet of reflection
HPRegen 0.34/turn               g - ring "Jengoig" {Fire Will+ rCorr}
MPRegen 0.14/turn               G - +6 ring of strength

@: no status effects
A: horns 2, retaliatory headbutt, strong-willed 1
a: Renounce Religion, Evoke Invisibility, Potion Petition, Call Merchant, Bribe
Branch


You were on level 1 of the Elven Halls.
You worshipped Gozag.
Gozag was most pleased with you.
You visited 8 branches of the dungeon, and saw 30 of its levels.

You collected 10146 gold pieces.
You spent 4033 gold pieces at shops.
You paid 3796 gold pieces to Gozag.

Inventory:

Hand Weapons
 n - the +5 great mace of the Gloaming {freeze, rF+ Dex+5}
   (You bought it in a shop on level 3 of the Dungeon)

   It freezes those it strikes, dealing additional cold damage.
   It can also slow down cold-blooded creatures.
   Dex:       It affects your dexterity (+5).
   rF:        It protects you from fire.
 E - the +5 long sword of Datiwn (weapon) {pain, rN+}
   (You bought it in a shop on level 6 of the Lair of Beasts)

   In the hands of one skilled in necromantic magic, it inflicts extra damage on
   living creatures.
   rN:        It protects you from negative energy.
 O - the +5 scimitar "Ikihoul" {elec, Dex+3}
   (You bought it in a shop on level 5 of the Dungeon)

   It occasionally discharges a powerful burst of electricity upon striking a
   foe.
   Dex:       It affects your dexterity (+3).
 Q - the +4 falchion of Bugycaobuo {elec, +Blink}
   (You found it on level 8 of the Dungeon)

   It occasionally discharges a powerful burst of electricity upon striking a
   foe.
   +Blink:    It lets you blink.
 Y - a +2 scimitar of flaming
Missiles
 W - 5 atropa-tipped darts (quivered)
Armour
 a - the +0 hat "Otogaci" (worn) {rF+ Str+3}
   (You acquired it on level 12 of the Dungeon)

   Str:       It affects your strength (+3).
   rF:        It protects you from fire.
 c - the +1 plate armour of the Blue Moon {Regen+ Str+2}
   (You found it on level 5 of the Dungeon)

   Str:       It affects your strength (+2).
   Regen:     It increases your rate of health regeneration.
 h - a +5 kite shield (worn)
 m - a +0 pair of boots (worn)
 u - a +0 pair of gloves (worn)
 B - the +4 plate armour of Day (worn) {+Inv rF+ rCorr Dex-4}
   (You bought it in a shop on level 2 of the Orcish Mines)

   Dex:       It affects your dexterity (-4).
   rF:        It protects you from fire.
   +Inv:      It lets you turn invisible.
   rCorr:     It protects you from acid and corrosion.
 M - a +2 cloak (worn)
Jewellery
 g - the ring "Jengoig" (left hand) {Fire Will+ rCorr}
   (You found it on level 14 of the Dungeon)

   [ring of fire]

   It enhances your fire magic.
   rF:        It protects you from fire.
   rC:        It makes you vulnerable to cold.
   rCorr:     It protects you from acid and corrosion.
   Will:      It increases your willpower.
 j - an amulet of reflection (around neck)
 p - a ring of protection from cold
 y - a +4 ring of slaying
 G - a +6 ring of strength (right hand)
 K - a ring of resist corrosion
 N - a ring of protection from fire
 R - a ring of positive energy
Wands
 r - a wand of iceblast (2)
 x - a wand of mindburst (8)
 z - a wand of flame (46)
 J - a wand of acid (9)
 V - a wand of paralysis (10)
 X - a wand of digging (3)
Scrolls
 b - 5 scrolls of fog
 f - 9 scrolls of teleportation
 l - a scroll of summoning {unknown}
 t - 4 scrolls of fear
 v - 6 scrolls of blinking
 w - 2 scrolls of holy word
 S - 2 scrolls of enchant weapon {unknown}
 T - 3 scrolls of magic mapping
Potions
 d - 2 potions of might
 i - 3 potions of magic
 k - a potion of lignification {unknown}
 o - 3 potions of flight
 q - 5 potions of curing
 s - a potion of invisibility {unknown}
 A - 2 potions of cancellation
 C - 4 potions of ambrosia
 H - a potion of haste
 I - a potion of resistance {unknown}
 L - a potion of brilliance
 U - 2 potions of mutation {unknown}
Miscellaneous
 e - a box of beasts
 F - a tin of tremorstones (2/2)
 P - a tin of tremorstones (2/2)
 Z - a phantom mirror (inert)


   Skills:
 + Level 15.4 Fighting
 + Level 17.2 Long Blades
 + Level 8.3 Maces & Flails
 + Level 3.2 Throwing
 + Level 18.6 Armour
 + Level 4.5 Dodging
 + Level 4.0 Stealth
 + Level 18.9 Shields
 + Level 3.4 Evocations


You had 15 spell levels left.
You didn't know any spells.
Your spell library contained the following spells:

 Spells                   Type           Power      Damage    Failure   Level
 Freeze                   Ice            0%         1d3       92%         1
 Magic Dart               Conj           0%         1d3       92%         1
 Ensorcelled Hibernation  Hex/Ice        0%         N/A       98%         2
 Searing Ray              Conj           0%         2d4       98%         2
 Static Discharge         Conj/Air       0%         N/A       98%         2
 Sublimation of Blood     Necr           0%         N/A       98%         2
 Wereblood                Tmut           0%         N/A       98%         2
 Call Canine Familiar     Summ           0%         N/A       100%        3
 Conjure Flame            Conj/Fire      0%         6-21      100%        3
 Dazzling Flash           Conj/Hex       0%         N/A       100%        3
 Frozen Ramparts          Ice            0%         1d2       100%        3
 Gell's Gravitas          Tloc           0%         N/A       100%        3
 Ignite Poison            Fire/Tmut/Pois 0%         N/A       100%        3
 Inner Flame              Hex/Fire       0%         N/A       100%        3
 Portal Projectile        Hex/Tloc       0%         N/A       100%        3
 Teleport Other           Tloc           0%         N/A       100%        3
 Tukima's Dance           Hex            0%         N/A       100%        3
 Cause Fear               Hex            0%         N/A       100%        4
 Fulminant Prism          Conj/Hex       0%         3d6       100%        4
 Hailstorm                Conj/Ice       0%         3d3       100%        4
 Sticky Flame             Conj/Fire      0%         2d3       100%        4
 Summon Lightning Spire   Summ/Air       0%         N/A       100%        4
 Agony                    Necr           0%         N/A       100%        5
 Blade Hands              Tmut           0%         N/A       100%        5
 Excruciating Wounds      Necr           0%         N/A       100%        5
 Fireball                 Conj/Fire      0%         3d3       100%        5
 Iskenderun's Battlesphe  Conj           0%         2d6       100%        5
 Lightning Bolt           Conj/Air       0%         1d11      100%        5
 Silence                  Hex/Air        0%         N/A       100%        5
 Summon Mana Viper        Hex/Summ       0%         N/A       100%        5
 Conjure Ball Lightning   Conj/Air       0%         3x3d6     100%        6
 Dispersal                Tloc           0%         N/A       100%        6
 Orb of Destruction       Conj           0%         N/A       100%        7
 Storm Form               Tmut/Air       0%         N/A       100%        7
 Summon Hydra             Summ           0%         N/A       100%        7
 Discord                  Hex            0%         N/A       100%        8
 Disjunction              Tloc           0%         N/A       100%        8
 Maxwell's Capacitive Co  Air            0%         ∞         100%        8
 Necromutation            Tmut/Necr      0%         N/A       100%        8


Dungeon Overview and Level Annotations

Branches:
Dungeon (15/15)            Temple (1/1) D:5            Lair (6/6) D:11
  Swamp (2/4) Lair:2       Spider (0/4) Lair:2        Slime (2/5) Lair:6
    Orc (2/2) D:11            Elf (1/3) Orc:2        Vaults (0/5) D:14
 Depths (1/4) D:15

Altars:
Ashenzari
Cheibriados
Dithmenos
Elyvilon
Fedhas
Gozag
Hepliaklqana
Kikubaaqudgha
Makhleb
Nemelex Xobeh
Okawaru
Qazlal
Ru
Sif Muna
Trog
Uskayaw
Vehumet
Wu Jian
Xom
Yredelemnul
Zin
The Shining One
Beogh

Shops:
D:2 *   D:3 (:(*[   D:5 (   Orc:2 ([*:   Lair:6 (

Annotations:
Depths:1 the Enchantress


Innate Abilities, Weirdness & Mutations

You have a pair of horns on your head.
You reflexively headbutt those who attack you in melee.
You are strong-willed. (Will+)


Message History

Items here: $ ))) [[[.
The orc wizard is no longer distracted by gold.
A +0 trident of distortion comes into view.
A deep elf knight comes into view. It is wielding a +0 scimitar.
There is an open door, spattered with blood here.
Things that are here:
a +0 short sword; a +0 shortbow; 18 arrows The orc wizard mumbles some strange words.
The orc wizard flickers and vanishes!
Deactivating autopickup; reactivate with Ctrl-A.
The +0 trident of distortion hits you but does no damage.
Space warps around you.
The +0 trident of distortion hits you but does no damage.
Space warps horribly around you!!
* * * LOW HITPOINT WARNING * * *
You block the +0 trident of distortion's attack.
You block the +0 trident of distortion's attack.
There is an open door here.
You block the +0 trident of distortion's attack.
The +0 trident of distortion hits you from afar.
* * * LOW HITPOINT WARNING * * *
You blink.
You block the +0 trident of distortion's attack.
You open the door.
The +0 trident of distortion barely misses you.
You block the +0 trident of distortion's attack.
You block the +0 trident of distortion's attack.
There is an open door here.
You block the +0 trident of distortion's attack.
The +0 trident of distortion hits you from afar.
* * * LOW HITPOINT WARNING * * *
Space warps horribly around you!!
* * * LOW HITPOINT WARNING * * *
You feel better.
You block the +0 trident of distortion's attack.
The +0 trident of distortion hits you from afar!
* * * LOW HITPOINT WARNING * * *
Space warps horribly around you!
You die...
Your body crumbles into a pile of gold.

###'#####....##
#....##.......##
#.)...#........#
#..............#
##....#.......##
##..###.....##
#'## #'##++#
#.####.##..#
#<@.(o.....#
###........#
##########


You could see a +0 trident of distortion and an orc.

Vanquished Creatures
  2 acid blobs (Slime:1)
  The ghost of Onwo the Blocker, a journeyman DDNe of Uskayaw (D:14)
  2 orc warlords (Orc:2)
  A quicksilver ooze (Slime:1)
  The ghost of freelancePsychic the Arsonist, a journeyman DsWn of Vehumet (D:13)
  A stone giant (Depths:1)
  Josephine (Swamp:1)
  A great orb of eyes (Slime:1)
  Erolcha (D:13)
  3 boulder beetles
  An ice dragon (D:14)
  6 hydras
  6 catoblepae
  2 centaur warriors
  4 two-headed ogres
  11 death yaks
  Urug (Orc:2)
  3 orc high priests
  A deep elf knight (Elf:1)
  2 goliath frogs (Swamp:1)
  4 skeletal warriors (D:15)
  A swamp dragon (Swamp:1)
  2 wizards (D:15)
  A glowing orange brain (Depths:1)
  5 orc knights
  3 necromancers
  3 orc sorcerers
  5 deep elf pyromancers
  3 deep elf zephyrmancers
  5 oklob plants
  An orb spider (Lair:2)
  14 elephants
  21 ugly things
  4 cyclopes
  3 manticores
  5 centaur zombies
  7 black mambas
  A centaur skeleton (D:15)
  11 cane toads
  2 gargoyles
  An efreet (D:14)
  3 rime drakes
  3 kobold demonologists
  A yaktaur (D:15)
  An unseen horror (D:10)
  9 komodo dragons
  3 ice devils (D:14)
  A jumping spider (shapeshifter) (D:15)
  10 trolls
  5 tyrant leeches
  A polar bear (Lair:1)
  6 meliai
  A polar bear (shapeshifter) (D:13)
  A queen bee (shapeshifter) (D:15)
  7 slime creatures
  17 dream sheep
  14 blink frogs
  Sigmund (D:4)
  4 wyverns
  7 centaur simulacra
  6 wraiths
  72 yaks
  5 basilisks
  A steam dragon (Lair:2)
  Eustachio (D:5)
  A death yak simulacrum (Orc:2)
  4 vampire mosquitoes
  7 wargs (Orc:2)
  7 swamp worms
  A swamp worm (shapeshifter) (D:15)
  3 acid dragons
  13 water moccasins
  5 swamp drakes (Swamp:1)
  47 orc warriors
  2 black bears
  2 meliai simulacra
  Pargi (D:4)
  2 ice beasts (D:8)
  10 ogres
  23 wolves
  15 centaurs
  5 kobold brigands
  Blork the orc (D:4)
  11 bullfrogs
  A gnoll sergeant (D:8)
  A water moccasin zombie (D:5)
  A two-headed ogre simulacrum (Orc:2)
  2 scorpions
  A wyvern skeleton (D:7)
  A hornet simulacrum (D:15)
  6 killer bees (D:9)
  4 howler monkeys
  16 wights
  A bullfrog skeleton (D:6)
  17 orc priests
  4 hounds
  Crazy Yiuf (D:5)
  3 gnoll shamans
  Natasha (thrice) (D:2)
  An iguana (D:6)
  30 orc wizards
  A spriggan simulacrum (Orc:2)
  5 troll simulacra (Orc:2)
  2 polar bear simulacra (D:12)
  4 wolf simulacra (D:12)
  2 yak simulacra (D:12)
  A hound skeleton (D:4)
  A mummy (D:5)
  A howler monkey zombie (D:10)
  3 adders
  17 gnolls
  2 ufetubi (D:4)
  An adder skeleton (D:4)
  3 worms
  78 orcs
  8 ball pythons
  5 endoplasms
  3 giant cockroaches
  7 goblins
  14 hobgoblins
  12 jackals
  3 quokkas
  5 bats
  3 frilled lizards
  17 kobolds
  8 rats
  3 river rat simulacra (D:12)
  A butterfly (Lair:6)
796 creatures vanquished.

Vanquished Creatures (others)
  A dancing weapon (Elf:1)
  2 bloated husks (Swamp:1)
  A dream sheep (Lair:6)
  A kobold brigand (D:10)
  A kobold (D:4)
  A butterfly (Lair:6)
  24 fungi
  37 plants
68 creatures vanquished.

Grand Total: 864 creatures vanquished

Notes
Turn   | Place    | Note
-------+----------+-------------------------------------------
     0 | D:1      | ducksouse the Minotaur Fighter began the quest for the Orb.
     0 | D:1      | Reached XP level 1. HP: 19/19 MP: 0/0
   222 | D:1      | Reached XP level 2. HP: 27/27 MP: 1/1
   497 | D:1      | Reached XP level 3. HP: 33/33 MP: 2/2
  1202 | D:2      | Found a sacrificial altar of Ru.
  1206 | D:2      | Noticed Natasha
  1213 | D:2      | Killed Natasha
  1214 | D:2      | Reached XP level 4. HP: 28/40 MP: 3/3
  1358 | D:2      | Noticed Natasha
  1369 | D:2      | Killed Natasha
  1595 | D:2      | Noticed Natasha
  1600 | D:2      | Killed Natasha
  1653 | D:2      | Found Yremev's General Store.
  1789 | D:2      | Found a faded altar of an unknown god.
  2024 | D:3      | Reached XP level 5. HP: 46/46 MP: 4/4
  2034 | D:3      | Found Porchurpha's Assorted Antiques.
  2066 | D:3      | Found Kacsofao's Antique Armour Shop.
  2132 | D:3      | Found Taczirey's Weapon Boutique.
  2189 | D:3      | Found Renineli's Book Shoppe.
  2332 | D:3      | Found Naruboyf's Antique Weapon Shop.
  2607 | D:3      | Found an opulent altar of Gozag.
  2613 | D:3      | You fall into a shaft and drop 1 floor!
  2703 | D:3      | Became a worshipper of Gozag Ym Sagoz the Greedy
  2743 | D:3      | Reached skill level 1 in Dodging
  2940 | D:4      | Reached skill level 5 in Long Blades
  3173 | D:4      | Noticed an ogre
  3179 | D:4      | Killed an ogre
  3180 | D:4      | Reached skill level 5 in Armour
  3180 | D:4      | Reached XP level 6. HP: 50/53 MP: 5/5
  3198 | D:4      | Found a blossoming altar of Fedhas.
  3279 | D:4      | Noticed Pargi
  3287 | D:4      | Killed Pargi
  3336 | D:4      | Reached skill level 5 in Fighting
  3336 | D:4      | Reached XP level 7. HP: 40/60 MP: 6/6
  3379 | D:4      | Noticed Blork the orc
  3386 | D:4      | Killed Blork the orc
  3387 | D:4      | Reached skill level 1 in Stealth
  3671 | D:4      | Found a white marble altar of Elyvilon.
  3777 | D:4      | Noticed Sigmund
  3788 | D:4      | Killed Sigmund
  4022 | D:3      | Bought a runed buckler for 180 gold pieces
  4063 | D:5      | Entered Level 5 of the Dungeon
  4085 | D:5      | Identified the +1 plate armour of the Blue Moon {Regen+
                  | Str+2}
  4130 | D:5      | Found Kuyji's Weapon Emporium.
  4156 | D:5      | Noticed Eustachio
  4185 | D:5      | Reached XP level 8. HP: 67/70 MP: 7/7
  4210 | D:5      | Killed Eustachio
  4211 | D:5      | Reached skill level 5 in Shields
  4239 | D:5      | Found a hazy altar of Hepliaklqana.
  4272 | D:5      | Found a staircase to the Ecumenical Temple.
  4461 | D:5      | Found a runed translucent door.
  4462 | D:5      | Noticed Crazy Yiuf
  4545 | D:5      | Found a snail-covered altar of Cheibriados.
  4609 | D:5      | Found a shimmering altar of Xom.
  4712 | D:5      | Killed Crazy Yiuf
  4772 | D:6      | Reached skill level 1 in Maces & Flails
  4874 | D:6      | Noticed a troll
  4885 | D:6      | Killed a troll
  4943 | D:6      | Reached XP level 9. HP: 78/78 MP: 8/8
  5006 | D:6      | Noticed a troll
  5011 | D:6      | Killed a troll
  5262 | D:6      | Reached skill level 5 in Maces & Flails
  5781 | D:7      | Identified the +0 plate armour "Kuwus" {Str+4}
  5935 | D:7      | Found a sparkling altar of Nemelex Xobeh.
  5984 | D:7      | Noticed a kobold demonologist
  5988 | D:7      | Noticed a hellwing
  5992 | D:7      | Killed a kobold demonologist
  5998 | D:7      | Found a glowing golden altar of the Shining One.
  7125 | D:8      | Reached XP level 10. HP: 74/85 MP: 9/9
  7224 | D:8      | Identified the +4 falchion of Bugycaobuo {elec, +Blink}
  7315 | D:8      | Noticed a cyclops
  7323 | D:8      | Killed a cyclops
  7324 | D:8      | Reached skill level 1 in Evocations
  8425 | D:9      | Noticed an orange demon
  8785 | D:10     | Entered Level 10 of the Dungeon
  8861 | D:10     | Found a broken altar of Ashenzari.
  9622 | D:10     | Reached skill level 10 in Armour
  9712 | D:11     | Noticed an oklob plant
  9743 | D:11     | Found a staircase to the Lair.
  9837 | D:11     | Reached skill level 10 in Long Blades
  9909 | D:11     | Noticed a two-headed ogre
  9916 | D:11     | Killed a two-headed ogre
  9917 | D:11     | Reached XP level 11. HP: 91/95 MP: 10/10
 10047 | D:11     | Noticed an orc knight
 10107 | D:11     | Killed an orc knight
 10150 | D:11     | Noticed an orc knight
 10164 | D:11     | Killed an orc knight
 10254 | D:11     | Found a staircase to the Orcish Mines.
 10285 | D:11     | Reached skill level 10 in Shields
 10986 | D:12     | Reached skill level 1 in Throwing
 11007 | D:12     | Noticed a necromancer
 11110 | D:12     | Noticed a deep elf pyromancer
 11116 | D:12     | Killed a deep elf pyromancer
 11250 | D:12     | Identified 3 scrolls of acquirement
 11264 | D:12     | Acquired 902 gold pieces
 11268 | D:12     | Acquired the +0 hat "Otogaci" {rF+ Str+3}
 11275 | D:12     | Acquired a manual of Armour
 11395 | D:12     | Killed a necromancer
 11500 | D:12     | Noticed a four-headed hydra
 11508 | D:12     | Killed a four-headed hydra
 11509 | D:12     | Reached XP level 12. HP: 95/106 MP: 11/11
 11629 | D:13     | Noticed a two-headed ogre
 11642 | D:13     | Killed a two-headed ogre
 11675 | D:13     | Noticed Erolcha
 11721 | D:13     | Noticed a centaur warrior
 11733 | D:13     | Killed a centaur warrior
 11734 | D:13     | Reached skill level 10 in Fighting
 11920 | D:13     | Found a runed translucent gate.
 11920 | D:13     | Found a runed translucent gate.
 11920 | D:13     | Found a runed translucent gate.
 11949 | D:13     | Noticed freelancePsychic's ghost (journeyman DsWn)
 11972 | D:13     | Killed freelancePsychic's ghost
 12019 | D:13     | Killed Erolcha
 12127 | D:13     | Noticed a boulder beetle
 12145 | D:13     | Killed a boulder beetle
 12316 | D:14     | Noticed a catoblepas
 12324 | D:14     | Noticed a catoblepas
 12324 | D:14     | Killed a catoblepas
 12337 | D:14     | Killed a catoblepas
 12466 | D:14     | Found a runed translucent gate.
 12466 | D:14     | Found a runed translucent gate.
 12466 | D:14     | Found a runed translucent gate.
 12472 | D:14     | Noticed a four-headed hydra
 12478 | D:14     | Killed a four-headed hydra
 12490 | D:14     | Noticed a five-headed hydra
 12500 | D:14     | Killed a five-headed hydra
 12670 | D:14     | Noticed a two-headed ogre
 12670 | D:14     | Noticed a two-headed ogre
 12677 | D:14     | Killed a two-headed ogre
 12687 | D:14     | Killed a two-headed ogre
 12688 | D:14     | Reached XP level 13. HP: 109/116 MP: 12/12
 12694 | D:14     | Found a gate to the Vaults.
 13500 | D:14     | Noticed Onwo's ghost (journeyman DDNe)
 13654 | D:15     | Entered Level 15 of the Dungeon
 14060 | D:15     | Reached skill level 15 in Armour
 14722 | D:15     | Found a staircase to the Depths.
 14941 | Lair:1   | Entered Level 1 of the Lair of Beasts
 15084 | Lair:1   | Reached XP level 14. HP: 124/125 MP: 13/13
 15438 | Lair:1   | Reached skill level 15 in Long Blades
 16257 | Lair:2   | Found a hole to the Spider Nest.
 16266 | Lair:2   | Reached skill level 15 in Shields
 16590 | Lair:2   | Found a staircase to the Swamp.
 16686 | Swamp:1  | Entered Level 1 of the Swamp
 17134 | Swamp:1  | Noticed Josephine
 17226 | Swamp:1  | Killed Josephine
 18083 | Lair:3   | Got the Incunabulum of Supportive Moulding
 19479 | Lair:5   | Reached XP level 15. HP: 126/137 MP: 14/14
 20382 | Lair:6   | Entered Level 6 of the Lair of Beasts
 21693 | Lair:6   | Found a staircase to the Slime Pits.
 22283 | Slime:1  | Entered Level 1 of the Pits of Slime
 22283 | Slime:1  | Noticed an acid blob
 22295 | Slime:1  | Killed an acid blob
 22338 | Slime:1  | You fall into a shaft and drop 1 floor!
 22338 | Slime:2  | Noticed an acid blob
 22338 | Slime:2  | Noticed a rockslime
 22349 | Slime:1  | Killed an acid blob
 22470 | Lair:6   | Bought a shimmering long sword for 323 gold pieces
 22470 | Lair:6   | Identified the +5 long sword of Datiwn {pain, rN+} (You
                  | bought it in a shop on level 6 of the Lair of Beasts)
 22717 | Temple   | Entered the Ecumenical Temple
 22801 | D:5      | Bought the +5 scimitar "Ikihoul" {elec, Dex+3} for 724 gold
                  | pieces
 22966 | D:3      | Bought the +5 great mace of the Gloaming {freeze, rF+
                  | Dex+5} for 734 gold pieces
 22990 | D:3      | Bought a box of beasts for 960 gold pieces
 22990 | D:3      | Bought a scroll of identify for 48 gold pieces
 23377 | D:14     | Killed Onwo's ghost
 23378 | D:14     | Reached skill level 15 in Fighting
 23390 | D:14     | Identified the ring "Jengoig" {Fire Will+ rCorr}
 23531 | Depths:1 | Entered Level 1 of the Depths
 23574 | Depths:1 | Noticed the Enchantress
 24067 | Orc:1    | Entered Level 1 of the Orcish Mines
 24713 | Orc:2    | Entered Level 2 of the Orcish Mines
 24745 | Orc:2    | Reached XP level 16. HP: 129/149 MP: 15/15
 24969 | Orc:2    | Found a staircase to the Elven Halls.
 25155 | Orc:2    | Noticed Urug
 25201 | Orc:2    | Killed Urug
 25405 | Orc:2    | Found a frozen archway.
 25433 | Orc:2    | Gained mutation: You are strong-willed. (Will+) [a neqoxec]
 25605 | Orc:2    | Found Zora's Antique Weapon Boutique.
 25691 | Orc:2    | Found Nohasev's Book Boutique.
 25698 | Orc:2    | Bought a book of Weapons for 448 gold pieces
 25709 | Orc:2    | Found Viaguh's General Store.
 25724 | Orc:2    | Found Cedicw's Antique Armour Boutique.
 25732 | Orc:2    | Bought a dazzling plate armour for 616 gold pieces
 25732 | Orc:2    | Identified the +4 plate armour of Day {+Inv rF+ rCorr
                  | Dex-4} (You bought it in a shop on level 2 of the Orcish
                  | Mines)
 26182 | Elf:1    | Entered Level 1 of the Elven Halls
 26361 | Elf:1    | Mangled by a +0 trident of distortion

Illustrated notes

Levels and vault maps discovered:
D:1:      eino_arrival_druids_welcome, layout_loops_corners, st_stairs_9,
          hex_large, minmay_tetromino_o2
D:2:      layout_rooms, hellmonk_ecumenical_altar_leap_of_faith, basic_altar,
          serial_shops, nicolae_shop_statue_plus, uniq_natasha
D:3:      layout_loops_ring, grunt_gozag_statues, serial_shops, shop,
          shop_fountains, nicolae_shop_statue_plus, shop,
          nicolae_shop_waterfront, mrwooster_statue_mirror
D:4:      layout_basic, mainiacjoe_overflow_concentric_impassable,
          mainiacjoe_overflow_paths, uniq_pargi, uniq_blork_the_orc,
          uniq_sigmund
D:5:      layout_rooms, nicolae_hepliaklqana_hippocampus,
          mainiacjoe_overflow_alcove_4, slow_altar_2,
          minmay_temple_entry_drinking_statues, serial_shops,
          nicolae_shop_bloodbath_and_beyond, minmay_misc_feat_nine_boxes,
          lemuel_flamethrower_1, uniq_eustachio, uniq_crazy_yiuf_cottage
D:6:      layout_basic
D:7:      layout_loops_ring, lemuel_crystal_altar, nemelex_spade_bored_becter
D:8:      layout_layer_cave
D:9:      layout_loops_ring
D:10:     layout_basic, amcnicky_altar_gilded, minmay_misc_feat_enclosed,
          corexii_corridor_pit
D:11:     layout_long_grid, dpeg_oklobed_lair, david_orc_5
D:12:     layout_roguey, eino_house_with_fridge
D:13:     layout_cross, ebering_ghost_rock_garden, uniq_erolcha
D:14:     layout_roguey, david_vaults_1, gammafunk_ghost_icy,
          minmay_misc_feat_chi
D:15:     grunt_enter_depths_magical_seal, layout_loops_ring,
          chequers_serial_rivers_small_a
Temple:   nicolae_temple_god_jail
Lair:1:   layout_cave_pods
Lair:2:   layout_cave_shapes, minmay_swamp_entry_worms,
          nicolae_spider_entry_orb_guardian, serial_rivers,
          chequers_serial_rivers_micro_d, chequers_serial_rivers_large_a,
          chequers_serial_rivers_micro_d, chequers_serial_rivers_micro_c,
          chequers_serial_rivers_marsh, chequers_serial_rivers_large_b
Lair:3:   layout_chaotic_city, serial_rivers, chequers_serial_rivers_small_a,
          chequers_serial_rivers_micro_d, chequers_serial_rivers_small_3,
          chequers_serial_rivers_room_b
Lair:4:   layout_misc_corridors
Lair:5:   layout_regular_city
Lair:6:   evilmike_catoblepas_cave, layout_cave_pods,
          minmay_slime_entry_oklob_enclosed, lemuel_fruit_fields
Swamp:1:  layout_basic_swamp, evilmike_swamp_ruin_house_2, swamp_pool5,
          uniq_josephine
Swamp:2:  layout_falls_marsh, ebering_ghost_disaster_area,
          hangedman_swamp_lotus, swamp_pool1, nicolae_swamp_godswood,
          infiniplex_staircase_pool_2
Slime:1:  layout_caves
Slime:2:  layout_caves
Orc:1:    layout_caves, basic_altar
Orc:2:    grunt_orc_cross, layout_diamond_mine, basic_altar,
          portal_ice_cave_entry_ice_simulacra, statue_in_the_mist_lemuel
Elf:1:    layout_gridlike, serial_shops, nicolae_square_shop, orc_legates
Depths:1: layout_gridlike, pf_coc_iceberg, rand_demon_pan_entry_7, fountainhead,
          minmay_misc_feat_more_columns, nicolae_vehumet_radiance,
          firewood_loft, uniq_enchantress

Skill      XL: |  1  2  3  4  5  6  7  8  9 10 11 12 13 14 15 16 |
---------------+-------------------------------------------------+-----
Armour         | 4 5 6 7 8 10 11 13 15 17 18 | 18.6
Fighting       | 4 5 6 7 8 9 11 12 13 15 | 15.4
Shields        | 4 6 7 9 11 12 14 16 18 | 18.9
Long Blades    | 3 4 5 6 7 8 10 12 13 14 16 17 | 17.2
Dodging        | 1 2 3 4 |  4.5
Stealth        | 1 2 3 4 |  4.0
Maces & Flails | 3 7 8 |  8.3
Evocations     | 1 3 |  3.4
Throwing       | 1 2 3 |  3.2

Action                   |  1- 3 |  4- 6 |  7- 9 | 10-12 | 13-15 | 16-18 || total
-------------------------+-------+-------+-------+-------+-------+-------++-------
Melee: Long sword        |    76 |   112 |    56 |       |   225 |   296 ||   765
       Headbutt          |    13 |    19 |    56 |   137 |   543 |    97 ||   865
       Whip              |       |       |   180 |     4 |       |       ||   184
       Falchion          |       |       |       |   459 |  1254 |       ||  1713
       Morningstar       |       |       |       |    16 |       |       ||    16
       Scimitar          |       |       |       |       |    88 |       ||    88
Throw: Dart              |       |       |     1 |    21 |     9 |       ||    31
Invok: Call Merchant     |       |       |       |       |     1 |       ||     1
       Bribe Branch      |       |       |       |       |     1 |       ||     1
Evoke: Wand              |       |       |     7 |    26 |     1 |     4 ||    38
       Box of beasts     |       |       |       |       |     1 |       ||     1
       Phantom mirror    |       |       |       |       |       |     1 ||     1
  Use: Potion            |       |     1 |       |     3 |    11 |     1 ||    16
       Scroll            |       |       |       |    14 |    20 |     1 ||    35
 Stab: Distracted        |       |     1 |       |     2 |    10 |     2 ||    15
       Petrified         |       |       |       |       |     1 |       ||     1
Armor: Scale mail        |    24 |    46 |     5 |       |       |       ||    75
       Plate armour      |       |       |   109 |   218 |   422 |    78 ||   827
Dodge: Dodged            |    38 |    59 |    68 |   122 |   264 |    37 ||   588
Block: Buckler           |    13 |    25 |   128 |   302 |     9 |       ||   477
       Reflection        |       |       |     6 |    51 |    22 |     5 ||    84
       Kite shield       |       |       |       |       |  1097 |   286 ||  1383

Table legend: (Time is in decaauts)
 A = Elapsed time spent in this place.
 B = Non-inter-level travel time spent in this place.
 C = Inter-level travel time spent in this place.
 D = Time resting spent in this place.
 E = Time spent auto-exploring this place.
 F = Levels seen in this place.
 G = Mean time per level.
                   A        B        C        D        E       F      G
               +--------+--------+--------+--------+--------+-----+--------+
         Total |  25732 |  22574 |   3158 |    835 |  13829 |  30 |  857.7 |
       Dungeon |  16091 |  13960 |   2131 |    646 |   8510 |  15 | 1072.7 |
        Temple |     57 |     35 |     22 |      0 |     24 |   1 |   57.0 |
          Lair |   6292 |   5531 |    761 |     42 |   4186 |   6 | 1048.7 |
         Swamp |    984 |    972 |     12 |    147 |    273 |   2 |  492.0 |
    Slime Pits |     74 |     74 |      0 |      0 |      0 |   2 |   37.0 |
  Orcish Mines |   1992 |   1762 |    230 |      0 |    836 |   2 |  996.0 |
   Elven Halls |    167 |    167 |      0 |      0 |      0 |   1 |  167.0 |
        Depths |     71 |     71 |      0 |      0 |      0 |   1 |   71.0 |
               +--------+--------+--------+--------+--------+-----+--------+

Top non-repeatable levels by time:
  Lair:6: 1907 daAuts
    D:15: 1570 daAuts
    D:14: 1503 daAuts
     D:8: 1421 daAuts
   Orc:2: 1384 daAuts
     D:3: 1348 daAuts
    D:11: 1348 daAuts
     D:4: 1171 daAuts
     D:2: 1159 daAuts
  Lair:1: 932 daAuts
  Lair:3: 931 daAuts
     D:1: 926 daAuts
     D:9: 913 daAuts
    D:10: 904 daAuts
 Swamp:1: 896 daAuts
